 Dungeon Crawl Stone Soup version 0.30-a0-222-ge547ba4400 (webtiles) character file.

Game seed: 893110781187674256

1485 qw the Chopper (level 8, -9/48 HPs)
             Began as a Gargoyle Fighter on Oct 8, 2022.
             Mangled by Prince Ribbit (13 damage)
             ... on level 5 of the Dungeon.
             The game lasted 00:01:35 (4130 turns).

qw the Chopper (Gargoyle Fighter)                   Turns: 4130, Time: 00:01:35

Health: -9/48      AC: 12    Str: 22    XL:     8   Next: 79%
Magic:  8/8        EV:  9    Int:  9    God:
Gold:   320        SH: 11    Dex:  9    Spells: 7/7 levels left

rFire   + + .      SeeInvis .    Y - +3 war axe
rCold   + + +      Faith    .    h - +2 shield of Resistance {rF++ rC++ Will++}
rNeg    + . .      Spirit   .    b - +0 scale mail
rPois   inf        Reflect  .    (no helmet)
rElec   +          Harm     .    (no cloak)
rCorr   .          Rampage  .    (no gloves)
Will    ++...      Clarity  +    (no boots)
Stlth   ..........               (no amulet)
HPRegen 0.28/turn                (no ring)
MPRegen 0.11/turn                (no ring)

@: no status effects
A: sickness immunity, AC +5, negative energy resistance 1, electricity
resistance, torment resistance 1, petrification resistance, talons 1, clarity,
cold resistance 1, wild magic 1
a: no special abilities


You were on level 5 of the Dungeon.
You visited 2 branches of the dungeon, and saw 6 of its levels.
You also visited: Ossuary.

You collected 320 gold pieces.


Innate Abilities, Weirdness & Mutations

You are immune to sickness and miasma.
Your stone body is resilient. (AC +5)
You are immune to poison.
You resist negative energy. (rN+)
You are resistant to electric shocks. (rElec)
You are resistant to unholy torment.
You are immune to petrification.
You have sharp toenails.
You possess an exceptional clarity of mind.
Your flesh is cold resistant. (rC+)
Your spells are a little harder to cast, but a little more powerful.


   Skills:
 + Level 4.9 Fighting
 - Level 7.1 Axes
 - Level 1.0 Throwing
 - Level 3.2 Armour
 - Level 2.9 Dodging
 - Level 6.6 Shields


You had 7 spell levels left.
You didn't know any spells.
Your spell library was empty.

Inventory:

Hand Weapons
 g - a +2 vampiric whip
 Y - a +3 war axe (weapon)
Armour
 b - a +0 scale mail (worn)
 h - the +2 shield of Resistance (worn) {rF++ rC++ Will++}
   (You acquired it on level 3 of the Dungeon)

   rF:        It greatly protects you from fire.
   rC:        It greatly protects you from cold.
   Will:      It greatly increases your willpower.
Scrolls
 j - a scroll of identify
Potions
 a - a potion of resistance
 d - 2 potions of might
 e - 7 potions of curing
 f - a potion of attraction
 i - 2 potions of mutation
 l - a potion of haste

Dungeon Overview and Level Annotations

Branches:
Dungeon (5/15)             Temple (1/1) D:4         Ossuary (visited)

Altars:
Kikubaaqudgha
Makhleb
Ru
Sif Muna
Trog
Uskayaw
Vehumet
Xom
Yredelemnul
Zin
The Shining One

Annotations:
D:5 Prince Ribbit


Message History

You throw a javelin.
The javelin closely misses Prince Ribbit.
Prince Ribbit blinks!
You slash Prince Ribbit! Your kick misses Prince Ribbit.
Prince Ribbit is heavily wounded.
You block Prince Ribbit's attack. Prince Ribbit barely misses you.
You miss Prince Ribbit.
Prince Ribbit is heavily wounded.
Prince Ribbit hits you!
Prince Ribbit hits you but does no damage.
You hit Prince Ribbit.
Prince Ribbit is heavily wounded.
Prince Ribbit barely misses you.
Prince Ribbit hits you but does no damage.
You closely miss Prince Ribbit.
Prince Ribbit is heavily wounded.
Prince Ribbit hits you but does no damage.
You block Prince Ribbit's attack.
You slash Prince Ribbit! Your kick misses Prince Ribbit.
Prince Ribbit is almost dead.
Prince Ribbit hits you but does no damage.
You barely miss Prince Ribbit.
Prince Ribbit is almost dead.
Prince Ribbit closely misses you. Prince Ribbit hits you!
You miss Prince Ribbit.
Prince Ribbit is almost dead.
Prince Ribbit hits you! Prince Ribbit hits you.
You miss Prince Ribbit.
Prince Ribbit is severely wounded.
You block Prince Ribbit's attack. Prince Ribbit hits you.
You miss Prince Ribbit. Your kick misses Prince Ribbit.
Prince Ribbit is severely wounded.
You block Prince Ribbit's attack. Prince Ribbit hits you!
You miss Prince Ribbit.
Prince Ribbit is severely wounded.
You block Prince Ribbit's attack.
You hit Prince Ribbit.
Prince Ribbit is almost dead.
Prince Ribbit hits you!
You die...

............#.#####.#
####..#.###.#.#####.###
#..#.###......##...#
....#.#...........#.#
####.#............%..#
#.###.##...#.##..##
.###.....####.#.##..####
.........# #.#.##..#...
###.###@F# #.#.##<....#
.. #.## #....##..... #
#.# #.... ###### (.#
#.... #.. #(. ###


You could see Prince Ribbit.

Vanquished Creatures
  Grinder (D:4)
  Eustachio (D:4)
  Edmund (D:4)
  Menkaure (D:4)
  Duvessa (D:4)
  A black bear (D:4)
  An ogre (D:4)
  2 scorpions (D:4)
  An elf zombie (Ossuary)
  A necrophage (D:5)
  Dowan (D:4)
  A hound (D:4)
  A human zombie (Ossuary)
  Jessica (D:3)
  An iguana (D:4)
  A hound zombie (Ossuary)
  4 mummies (Ossuary)
  3 gnolls (D:4)
  4 adders
  A white imp (D:4)
  3 adder zombies (Ossuary)
  4 worms
  3 dart slugs
  2 orcs (D:4)
  6 ball pythons
  4 bats
  8 endoplasms
  3 giant cockroaches
  A gnoll zombie (Ossuary)
  7 goblins
  6 hobgoblins
  4 jackals (D:2)
  2 quokkas
  3 frilled lizards
  3 goblin skeletons (D:4)
  2 goblin zombies
  3 hobgoblin zombies (D:4)
  2 jackal zombies (Ossuary)
  4 kobolds
  A kobold skeleton (D:4)
  2 kobold zombies
  2 orc skeletons (D:4)
  2 orc zombies
  7 rats
113 creatures vanquished.

Notes
Turn   | Place    | Note
-------+----------+-------------------------------------------
     0 | D:1      | qw the Gargoyle Fighter began the quest for the Orb.
     0 | D:1      | Reached XP level 1. HP: 14/14 MP: 1/1
     0 | D:1      | 0 ||| qw: Version: 0.2-a-17-gfa9de96
     0 | D:1      | 0 ||| qw: Game counter: 2008
     0 | D:1      | 0 ||| qw: Always use a shield: true
     0 | D:1      | 0 ||| qw: God list: Okawaru
     0 | D:1      | 0 ||| qw: Allow faded altars: false
     0 | D:1      | 0 ||| qw: Do Orc after D:15 true
     0 | D:1      | 0 ||| qw: Do second Lair branch before Depths: true
     0 | D:1      | 0 ||| qw: Lair rune preference: random
     0 | D:1      | 0 ||| qw: Plans: Normal, Zot:1-4, God:TSO, Crypt, Tomb,
                  | Pan, Slime:5, Hells, Abyss, Orb
     0 | D:1      | 0 ||| PLANNING D:1-11
    91 | D:1      | Reached skill level 2 in Axes
   194 | D:1      | Reached XP level 2. HP: 19/19 MP: 2/2
   566 | D:1      | Found a faded altar of an unknown god.
   789 | D:1      | 789 ||| READING scroll labelled FYURUCROQIS.
   790 | D:1      | 790 ||| READING 2 scrolls labelled ROAHON VIZOQA.
   791 | D:1      | 791 ||| DRINKING 3 fuming golden potions.
   966 | D:2      | Reached skill level 3 in Axes
   981 | D:2      | Reached XP level 3. HP: 23/23 MP: 3/3
  1003 | D:2      | 1003 ||| DROPPING +0 club.
  1057 | D:2      | 1057 ||| Stepping ~*~*~tactically~*~*~ (stealth).
  1566 | D:2      | Reached skill level 1 in Throwing
  1865 | D:2      | 1865 ||| READING scroll labelled MEVEUNKAZAN.
  1868 | D:2      | 1868 ||| READING scroll labelled KOBRAVVO ZEUG.
  1896 | D:3      | Reached XP level 4. HP: 28/28 MP: 4/4
  1920 | D:3      | Noticed Jessica
  1921 | D:3      | 1921 ||| Stepping ~*~*~tactically~*~*~ (hiding).
  1922 | D:3      | 1922 ||| Stepping ~*~*~tactically~*~*~ (hiding).
  1928 | D:3      | Killed Jessica
  2026 | D:3      | 2026 ||| FLEEEEING.
  2027 | D:3      | 2027 ||| FLEEEEING.
  2034 | D:3      | Reached skill level 4 in Axes
  2068 | D:3      | Found a bloodstained altar of Trog.
  2267 | D:3      | Found a sacrificial altar of Ru.
  2334 | D:3      | 2334 ||| READING scroll labelled LOMOEPH UF ZEL.
  2335 | D:3      | 2335 ||| READING scroll labelled YKUYPIERGHE.
  2335 | D:3      | Identified a scroll of acquirement
  2335 | D:3      | 2335 ||| ACQUIRING +2 shield of Resistance {rF++ rC++
                  | Will++}
  2335 | D:3      | Acquired the +2 shield of Resistance {rF++ rC++ Will++}
  2335 | D:3      | Found the +2 shield of Resistance {rF++ rC++ Will++}
  2337 | D:3      | 2337 ||| UPGRADING to +2 shield of Resistance {rF++ rC++
                  | Will++}.
  2347 | D:3      | 2347 ||| DROPPING +0 buckler.
  2348 | D:3      | 2348 ||| DRINKING 2 emerald potions.
  2349 | D:3      | 2349 ||| READING 3 scrolls of identify.
  2349 | D:3      | 2349 ||| IDENTIFYING smoky brown potion
  2350 | D:3      | 2350 ||| READING 2 scrolls of identify.
  2350 | D:3      | 2350 ||| IDENTIFYING fuming dark potion
  2351 | D:3      | 2351 ||| DROPPING potion of brilliance.
  2372 | D:4      | 2372 ||| PLANNING OSSUARY
  2373 | D:4      | Noticed Grinder
  2375 | D:4      | 2375 ||| Stepping ~*~*~tactically~*~*~ (hiding).
  2392 | D:4      | HP: 5/28 [Grinder (6)]
  2401 | D:4      | HP: 5/28 [Grinder (2)]
  2403 | D:4      | Killed Grinder
  2404 | D:4      | Reached XP level 5. HP: 7/32 MP: 5/5
  2404 | D:4      | Reached XP level 6. HP: 8/37 MP: 6/6
  2404 | D:4      | 2404 ||| FLEEEEING.
  2405 | D:4      | 2405 ||| FLEEEEING.
  2406 | D:4      | 2406 ||| FLEEEEING.
  2410 | D:4      | 2410 ||| FLEEEEING.
  2411 | D:4      | 2411 ||| STAIRDANCE
  2561 | D:4      | 2561 ||| Stepping ~*~*~tactically~*~*~ (stealth).
  2564 | D:4      | 2564 ||| Stepping ~*~*~tactically~*~*~ (stealth).
  2619 | D:4      | Found a sand-covered staircase.
  2620 | D:4      | 2620 ||| READING scroll labelled NAYBBI MAESCHIGG.
  2629 | Ossuary  | Entered an ossuary
  2657 | Ossuary  | Reached skill level 5 in Axes
  2657 | Ossuary  | Reached XP level 7. HP: 27/41 MP: 7/7
  2743 | Ossuary  | 2743 ||| READING scroll of enchant weapon.
  2743 | Ossuary  | 2743 ||| ENCHANTING +1 war axe.
  2944 | Ossuary  | 2944 ||| READING scroll labelled AVINYHA TEISS.
  2945 | Ossuary  | 2945 ||| DRINKING 2 pink potions.
  2945 | Ossuary  | Gained mutation: Your spells are a little harder to cast,
                  | but a little more powerful. [potion of mutation]
  2945 | Ossuary  | Gained mutation: You have sharp toenails. [potion of
                  | mutation]
  2945 | Ossuary  | Gained mutation: You possess an exceptional clarity of
                  | mind. [potion of mutation]
  2945 | Ossuary  | Gained mutation: Your flesh is cold resistant. (rC+)
                  | [potion of mutation]
  2946 | Ossuary  | 2946 ||| DRINKING 2 fuming inky potions.
  2947 | Ossuary  | 2947 ||| READING 3 scrolls of identify.
  2947 | Ossuary  | 2947 ||| IDENTIFYING murky green potion
  2948 | Ossuary  | 2948 ||| READING 2 scrolls of identify.
  2948 | Ossuary  | 2948 ||| IDENTIFYING silvery potion
  2949 | Ossuary  | 2949 ||| DROPPING potion of invisibility.
  2963 | D:4      | 2963 ||| PLANNING D:1-11
  2978 | D:4      | Noticed Menkaure
  2990 | D:4      | Killed Menkaure
  3090 | D:4      | Noticed Edmund
  3091 | D:4      | Noticed Dowan
  3091 | D:4      | Noticed Duvessa
  3098 | D:4      | HP: 10/44 [Duvessa/+0 short sword (8)]
  3099 | D:4      | 3099 ||| DRINKING potion of heal wounds.
  3103 | D:4      | HP: 11/44 [Edmund/+0 flail of holy wrath (8)]
  3106 | D:4      | Killed Edmund
  3106 | D:4      | Killed Duvessa
  3107 | D:4      | Reached XP level 8. HP: 10/48 MP: 8/8
  3114 | D:4      | HP: 10/48 [Dowan/+1 dagger of freezing (2)]
  3119 | D:4      | Killed Dowan
  3394 | D:4      | Reached skill level 6 in Axes
  3412 | D:4      | Noticed Eustachio
  3420 | D:4      | 3420 ||| Stepping ~*~*~tactically~*~*~ (hiding).
  3421 | D:4      | 3421 ||| Stepping ~*~*~tactically~*~*~ (hiding).
  3422 | D:4      | 3422 ||| FLEEEEING.
  3423 | D:4      | 3423 ||| Stepping ~*~*~tactically~*~*~ (hiding).
  3430 | D:4      | Killed Eustachio
  3431 | D:4      | Reached skill level 6 in Shields
  3505 | D:4      | 3505 ||| Stepping ~*~*~tactically~*~*~ (stealth).
  3539 | D:4      | 3539 ||| Stepping ~*~*~tactically~*~*~ (stealth).
  3645 | D:4      | 3645 ||| Stepping ~*~*~tactically~*~*~ (stealth).
  3699 | D:4      | Found a basalt altar of Yredelemnul.
  3730 | D:4      | Found a glowing golden altar of the Shining One.
  3759 | D:4      | 3759 ||| READING scroll of enchant weapon.
  3759 | D:4      | 3759 ||| ENCHANTING +2 war axe.
  3803 | D:4      | Found a staircase to the Ecumenical Temple.
  3804 | D:4      | 3804 ||| PLANNING TEMPLE
  3804 | D:4      | 3804 ||| READING 2 scrolls of identify.
  3804 | D:4      | 3804 ||| IDENTIFYING fizzy grey potion
  3805 | D:4      | 3805 ||| DROPPING potion of degeneration.
  3814 | Temple   | Entered the Ecumenical Temple
  3815 | Temple   | 3815 ||| PLANNING D:1-11
  3847 | D:4      | Found a radiant altar of Vehumet.
  4061 | D:5      | Entered Level 5 of the Dungeon
  4072 | D:5      | Reached skill level 7 in Axes
  4115 | D:5      | Noticed Prince Ribbit
  4126 | D:5      | HP: 12/48 [Prince Ribbit (2)]
  4128 | D:5      | HP: 3/48 [Prince Ribbit (8)]
  4130 | D:5      | Mangled by Prince Ribbit

Levels and vault maps discovered:
D:1:      psy_arrival_conway, layout_loops_ring,
          hellmonk_ecumenical_altar_inner_sanctum
D:2:      layout_basic
D:3:      layout_rooms, mainiacjoe_overflow_alcove_1, marbit_many_paths,
          uniq_jessica
D:4:      kennysheep_six_static_rooms, layout_cave_pools,
          nicolae_vehumet_altar_sigil, nicolae_tso_besieged_by_evil,
          lemuel_coloured_pillars_altar, lemuel_temple_firewalk_b,
          nicolae_ossuary_entry_ruins, small_statue_intersection,
          uniq_eustachio, uniq_edmund, uniq_duvessa, uniq_menkaure, uniq_grinder
D:5:      layout_loops_ring, serial_shops, kennysheep_little_box,
          minmay_chambers_of_fives, uniq_prince_ribbit1
Temple:   hellmonk_temple_micro_hex

Skill      XL: |  1  2  3  4  5  6  7  8 |
---------------+-------------------------+-----
Axes           | 2 3 4 5 7 |  7.1
Throwing       | 1 |  1.0
Shields        | 5 6 |  6.6
Fighting       | 4 |  4.9
Dodging        | 2 |  2.9
Armour         | |  3.2

Action                   |  1- 3 |  4- 6 |  7- 9 || total
-------------------------+-------+-------+-------++-------
Melee: War axe           |    90 |    94 |   107 ||   291
       Kick              |       |       |    18 ||    18
Throw: Javelin           |    21 |     7 |    20 ||    48
  Use: Scroll            |     4 |     5 |     6 ||    15
       Potion            |     1 |     1 |     3 ||     5
Armor: Scale mail        |    44 |    45 |    42 ||   131
Dodge: Dodged            |    44 |    36 |    29 ||   109
Block: Buckler           |    17 |     5 |       ||    22
       Kite shield       |       |    42 |    73 ||   115

Table legend:
 A = Non-vault XP
 B = Vault XP
 C = Vault XP percentage of total XP
 D = Non-vault monster count
 E = Vault monster count
 F = Vault count percentage of total count
                 A         B        C        D         E       F
            +---------+---------+-------+---------+---------+-------
      Total |     765 |    1357 |  63.9 |      70 |      43 |  38.1
            +---------+---------+-------+---------+---------+-------
        D:1 |      21 |       0 |   0.0 |      12 |       0 |   0.0
        D:2 |      60 |       0 |   0.0 |      22 |       0 |   0.0
        D:3 |      23 |      39 |  62.9 |      13 |       2 |  13.3
        D:4 |     582 |    1078 |  64.9 |      21 |      25 |  54.3
        D:5 |      79 |       0 |   0.0 |       2 |       0 |   0.0
    Ossuary |       0 |     240 | 100.0 |       0 |      16 | 100.0
            +---------+---------+-------+---------+---------+-------
